 Dungeon Crawl Stone Soup version 0.28.0-47-ge53b351184 (webtiles) character file.

Game seed: 2915659262382718001

67 GigaChad the Skirmisher (level 4, 0/37 HPs)
             Began as a Palentonga Fighter on Apr 27, 2022.
             Slain by an orc
             ... wielding a +0 falchion
              (4 damage)
             ... on level 3 of the Dungeon.
             The game lasted 00:08:22 (2817 turns).

GigaChad the Skirmisher (Palentonga Fighter)        Turns: 2817, Time: 00:08:23

Health: 0/37       AC:  6    Str: 20    XL:     4   Next: 0%
Magic:  4/4        EV:  7    Int:  8    God:
Gold:   74         SH:  4    Dex: 11    Spells: 3/3 levels left

rFire   . . .      SeeInvis +   a - +0 long sword
rCold   . . .      Faith    .   c - +0 buckler
rNeg    . . .      Spirit   .   b - +0 scale mail
rPois   .          Reflect  .   (no helmet)
rElec   .          Harm     .   (no cloak)
rCorr   .          Rampage  .   (no gloves)
Will    .....                   (no barding)
Stlth   ..........              (no amulet)
HPRegen 0.12/turn               (no ring)
MPRegen 0.09/turn               (no ring)

@: no status effects
A: large, rugged brown scales 3, see invisible, deformed body, roll 1, armoured
tail
a: Rolling Charge


You were on level 3 of the Dungeon.
You visited 1 branch of the dungeon, and saw 3 of its levels.

You collected 74 gold pieces.

Inventory:

Hand Weapons
 a - a +0 long sword (weapon)
Missiles
 l - 4 curare-tipped darts
Armour
 b - a +0 scale mail (worn)
 c - a +0 buckler (worn)
Scrolls
 f - a scroll of teleportation {unknown}
 h - a scroll of holy word {unknown}
 i - 2 scrolls of identify {unknown}
 j - a scroll of vulnerability {unknown}
Potions
 d - a potion of might
 e - a potion of lignification {unknown}
 g - a potion of berserk rage {unknown}
 k - a potion of mutation {unknown}


   Skills:
 + Level 3.4 Fighting
 + Level 2.7 Long Blades
 + Level 3.0 Armour
 + Level 0.7 Dodging
 + Level 2.5 Shields


You had 3 spell levels left.
You didn't know any spells.
Your spell library was empty.

Dungeon Overview and Level Annotations

Branches:
Dungeon (3/15)

Altars:


Innate Abilities, Weirdness & Mutations

You are completely covered in rugged brown scales. (AC +3, +7% HP)
You have supernaturally acute eyesight. (SInv)
Armour fits poorly on your strangely shaped body.
You can roll at nearby foes to attack.
You have a long armoured tail.


Message History

You have reached level 4!
You feel stronger.
You closely miss the orc.
The orc priest mumbles some strange prayers to Beogh against you.
Pain shoots through your body! The orc hits you with a +0 falchion.
The orc priest hits you with a +0 short sword.
There is an open door, spattered with blood here.
You hit the orc priest but do no damage.
The orc barely misses you.
The orc priest hits you but does no damage.
The orc hits you with a +0 falchion.
You barely miss the orc priest. You tail-slap the orc priest!
The orc priest is heavily wounded.
The orc priest hits you but does no damage.
The orc hits you but does no damage.
The orc priest hits you with a +0 short sword.
You hit the orc priest.
You tail-slap the orc priest, but do no damage.
The orc priest is severely wounded.
The orc hits you with a +0 falchion.
The orc priest hits you but does no damage.
You closely miss the orc priest.
The orc priest is severely wounded.
You block the orc's attack. You block the orc priest's attack.
The orc closely misses you.
You hit the orc priest.
The orc priest is severely wounded.
The orc priest barely misses you. The orc hits you with a +0 falchion.
The orc priest barely misses you.
You barely miss the orc priest.
The orc priest is severely wounded.
The orc hits you with a +0 falchion.
The orc priest mumbles some strange prayers to Beogh against you.
Pain shoots through your body!
* * * LOW HITPOINT WARNING * * *
You barely miss the orc priest. You tail-slap the orc priest.
The orc priest is almost dead.
The orc hits you with a +0 falchion.
You die...

######## #......#
#......# # #
#......###.####
##.####......#.......
+......<.....@o....?.
#.##.......o#.......
#........####+####..
#.#......# # #......#
#......# .##+#+#'####
........####
...........#


You could see an orc priest and an orc.

Vanquished Creatures
  2 adders
  3 dart slugs
  An orc (D:3)
  4 bats (D:1)
  4 endoplasms
  5 goblins (D:1)
  4 hobgoblins
  5 kobolds
  A quokka (D:1)
  5 ball pythons
  A frilled lizard (D:1)
  5 rats
40 creatures vanquished.

Notes
Turn   | Place    | Note
-------+----------+-------------------------------------------
     0 | D:1      | GigaChad the Palentonga Fighter began the quest for the
                  | Orb.
     0 | D:1      | Reached XP level 1. HP: 19/19 MP: 1/1
   269 | D:1      | Reached XP level 2. HP: 22/25 MP: 2/2
  1105 | D:1      | Reached XP level 3. HP: 29/31 MP: 3/3
  2808 | D:3      | Reached XP level 4. HP: 28/37 MP: 4/4
  2817 | D:3      | Slain by an orc

Illustrated notes

Levels and vault maps discovered:
D:1:      elethiomel_arrival_infinity_welcomes_careful_drivers, layout_basic
D:2:      layout_basic, ebering_ecumenical_altar_sacrificial, chequers_arboretum
D:3:      layout_basic, kennysheep_generic_room_8

Skill      XL: |  1  2  3 |
---------------+----------+-----
Armour         | 3 |  3.0
Fighting       | |  3.4
Long Blades    | |  2.7
Dodging        | |  0.7
Shields        | |  2.5

Action                   |  1- 3 |  4- 6 || total
-------------------------+-------+-------++-------
Melee: Long sword        |   122 |     8 ||   130
       Tailslap          |    12 |     3 ||    15
  Use: Scroll            |     1 |       ||     1
Armor: Scale mail        |   111 |     4 ||   115
Dodge: Dodged            |    65 |     4 ||    69
Block: Buckler           |    24 |     2 ||    26
